 Dungeon Crawl Stone Soup version 0.24-a0-422-g9eff3895ba (webtiles) character file.

Game seed: 1372002481190658698

7196 theanonym the Basher (level 10, -2/73 HPs)
             Began as a Demonspawn Chaos Knight on June 12, 2019.
             Was a Priest of Makhleb.
             Killed from afar by a gargoyle (23 damage)
             ... with a stone arrow
             ... on level 10 of the Dungeon.
             The game lasted 00:16:06 (9080 turns).

theanonym the Basher (Demonspawn Chaos Knight)      Turns: 9080, Time: 00:16:07

Health: -2/73      AC: 16    Str: 17    XL:     10   Next: 87%
Magic:  10/10      EV:  5    Int: 15    God:    Makhleb [***...]
Gold:   495        SH:  6    Dex: 12    Spells: 9/9 levels left

rFire    + . .     SeeInvis .   b - +0 morningstar
rCold    . . .     Gourm    .   (no shield)
rNeg     . . .     Faith    .   c - +0 plate armour
rPois    .         Spirit   .   (helmet restricted)
rElec    .         Reflect  .   s - +0 cloak
rCorr    .         Harm     .   g - +0 pair of gloves
MR       .....                  k - +1 pair of boots
Stlth    ..........             y - amulet of regeneration
HPRegen  0.62/turn              z - ring of fire
MPRegen  0.12/turn              v - ring of protection from cold

@: lethally poisoned (-2 -> -2)
A: antennae 1, hooves 1, large bone plates 2, camouflage 1, clever 1, sense
surroundings 1, spiny 2
a: Minor Destruction, Lesser Servant of Makhleb, Renounce Religion


Innate Abilities, Weirdness & Mutations

You have a pair of small antennae on your head.
You are mostly covered in large bone plates. (SH +6)
You are mostly covered in sharp spines.
You have large cloven feet.
Your skin changes colour to match your surroundings (Stealth+).
Your mind is acute. (Int +2)
You passively map a small area around you.


   Skills:
 + Level 4.8 Fighting
 * Level 14.1 Maces & Flails
 + Level 3.8 Armour
 - Level 0.8 Dodging


You had 9 spell levels left.
You didn't know any spells.
Your spell library contained the following spells:

 Spells                   Type           Power        Failure   Level  Hunger
 Flame Tongue             Conj/Fire      #....        100%        1    ##.....
 Throw Flame              Conj/Fire      #.....       100%        2    ###....
 Conjure Flame            Conj/Fire      #.......     100%        3    ####...
 Inner Flame              Hex/Fire       #.......     100%        3    ####...
 Recall                   Summ/Tloc      N/A          100%        3    ####...
 Sticky Flame             Conj/Fire      #.......     100%        4    #####..
 Aura of Abjuration       Summ           #.........   100%        5    ######.
 Fireball                 Conj/Fire      #.........   100%        5    ######.
 Summon Demon             Summ           #.........   100%        5    ######.
 Summon Forest            Summ/Tloc      #.........   100%        5    ######.
 Summon Mana Viper        Hex/Summ       #.......     100%        5    ######.
 Shadow Creatures         Summ           N/A          100%        6    #######

Skill      XL: |  1  2  3  4  5  6  7  8  9 10 |
---------------+-------------------------------+-----
Maces & Flails | 3 5 7 9 11 13 14 | 14.1
Armour         | 3 |  3.8
Fighting       | 4 |  4.8
Dodging        | |  0.8

Action                   |  1- 3 |  4- 6 |  7- 9 | 10-12 || total
-------------------------+-------+-------+-------+-------++-------
Melee: Mace              |    80 |   164 |   370 |       ||   614
       Morningstar       |       |       |    28 |   199 ||   227
Throw: Throwing net      |       |       |       |     1 ||     1
Evoke: Wand              |       |       |    19 |     1 ||    20
  Use: Potion            |     3 |     1 |     7 |     5 ||    16
       Scroll            |     4 |     8 |    10 |     2 ||    24
 Stab: Confused          |       |     1 |       |       ||     1
       Distracted        |       |       |     1 |       ||     1
       Paralysed         |       |       |    12 |       ||    12
       Sleeping          |       |       |     2 |       ||     2
  Eat: Chunk             |     2 |     1 |    11 |     2 ||    16
       Ration            |       |     1 |     1 |     1 ||     3
Armor: Leather armour    |    31 |    25 |       |       ||    56
       Skin              |       |    21 |       |    38 ||    59
       Quicksilver drago |       |    46 |    79 |       ||   125
       Plate armour      |       |       |    45 |    64 ||   109
Dodge: Dodged            |    80 |    74 |   101 |    29 ||   284
Block: Other             |     2 |    53 |   111 |    31 ||   197
       Reflection        |       |     2 |     1 |       ||     3

Inventory:

Hand Weapons
 a - a +0 mace of chaos
 b - a +0 morningstar (weapon)
Armour
 c - a +0 plate armour (worn)
 g - a +0 pair of gloves (worn)
 h - a +2 cloak of poison resistance
 k - a +1 pair of boots (worn)
 s - a +0 cloak (worn)
Jewellery
 v - a ring of protection from cold (right hand)
 x - an uncursed ring of flight
 y - an amulet of regeneration (around neck)
 z - a ring of fire (left hand)
Wands
 w - a wand of flame (9)
Scrolls
 f - a scroll of silence
 j - a scroll of enchant armour
 n - 4 scrolls of remove curse
 r - a scroll of identify
 t - a scroll of teleportation
 B - a scroll of blinking
 E - a scroll of torment {unknown}
 F - a scroll of immolation {unknown}
Potions
 i - 3 potions of brilliance
 o - a potion of mutation
 p - 2 potions of flight
 q - 6 potions of heal wounds
 u - 4 potions of curing
 A - 2 potions of degeneration
 D - a potion of ambrosia
Comestibles
 e - 19 rations


You were on level 10 of the Dungeon.
You worshipped Makhleb.
Makhleb was most pleased with you.
You were hungry.

You visited 1 branch of the dungeon, and saw 10 of its levels.

You collected 495 gold pieces.

Dungeon Overview and Level Annotations

Branches:
Dungeon (10/15)            Temple (0/1) D:7
   Lair: D:8-11         Orc: D:9-12

Altars:
Dithmenos
Fedhas
Hepliaklqana
Kikubaaqudgha
Makhleb
Nemelex Xobeh
Sif Muna
Uskayaw
Vehumet
Wu Jian
Xom
Yredelemnul
Zin

Annotations:
D:10 Snorg, Urug

## * ###....... * ####...
#.. , #.#....... ...#...*
#.#** #.#....... .......*
#.# #......... , , .......
###.#####.#....... ≈
....... .........>.......
≈≈..... *#.#.###.#.....#.
≈
≈≈h..$[####.......##......
......hh9@..#.######......
≈
≈≈.....###..#.##...#......
, ,.......
#..#.#........... ,
≈≈≈...o* #..#<#.#####.....
≈≈≈....* #..#.............
≈≈....o* #..#.#.#####.####
....... ,#..#.#..., *.# ≈
≈...... #..#.#####, .# ,
≈, , , #.# ,*..


You could see a gargoyle, a wolf and 2 hounds.

Notes
Turn   | Place    | Note
-------+----------+-------------------------------------------
     0 | D:1      | theanonym the Demonspawn Chaos Knight began the quest for
                  | the Orb.
     0 | D:1      | Reached XP level 1. HP: 18/18 MP: 1/1
   150 | D:1      | Reached skill level 3 in Maces & Flails
   254 | D:1      | XOM: divination: detect items
   296 | D:1      | Gained mutation: You have a pair of small antennae on your
                  | head. [demonic ancestry]
   296 | D:1      | Reached XP level 2. HP: 18/24 MP: 2/2
   327 | D:1      | XOM: harmless Pois miscast
   393 | D:1      | XOM: harmless Necr miscast
   518 | D:1      | XOM: polymorph goblin -> hobgoblin
   739 | D:1      | XOM: mild Tmut miscast
   823 | D:2      | Noticed Sigmund
   938 | D:2      | XOM: noise
   948 | D:1      | HP: 12/24 [leopard gecko (1)]
  1100 | D:2      | Gained mutation: You are partially covered in large bone
                  | plates. (SH +4) [demonic ancestry]
  1100 | D:2      | Reached XP level 3. HP: 24/29 MP: 3/3
  1151 | D:2      | Reached skill level 4 in Maces & Flails
  1246 | D:2      | Noticed Jessica
  1250 | D:2      | HP: 12/29 [Jessica/+2 dagger of electrocution (17)]
  1280 | D:1      | XOM: mild Fire miscast
  1448 | D:2      | XOM: harmless Fire miscast
  1451 | D:2      | Killed Jessica
  1451 | D:2      | XOM: summons 2 friendly demons
  1457 | D:2      | Killed Sigmund
  1457 | D:2      | Reached skill level 5 in Maces & Flails
  1457 | D:2      | Reached XP level 4. HP: 35/35 MP: 4/4
  1457 | D:2      | Reached XP level 5. HP: 41/41 MP: 5/5
  1737 | D:2      | XOM: draining
  1855 | D:3      | Found a burning altar of Makhleb.
  1883 | D:3      | Fell from the grace of Xom
  1883 | D:3      | Became a worshipper of Makhleb the Destroyer
  2009 | D:3      | Found a hide-covered altar of Uskayaw.
  2124 | D:3      | Found a large runed translucent door.
  2124 | D:3      | Found a large runed translucent door.
  2126 | D:3      | Noticed Phong's ghost (amateur HaFi)
  2250 | D:3      | Found a runed translucent door.
  2251 | D:3      | Noticed Crazy Yiuf
  2258 | D:3      | XOM: summons 6 hostile demons
  2261 | D:3      | Noticed Terence
  2269 | D:3      | Killed Terence
  2269 | D:3      | Reached skill level 6 in Maces & Flails
  2377 | D:3      | Found a glowing silver altar of Zin.
  2377 | D:3      | Found a sparkling altar of Nemelex Xobeh.
  2613 | D:3      | Killed Phong's ghost
  2613 | D:3      | Reached skill level 7 in Maces & Flails
  2613 | D:3      | Gained mutation: You are mostly covered in large bone
                  | plates. (SH +6) [demonic ancestry]
  2613 | D:3      | Reached XP level 6. HP: 47/47 MP: 6/6
  2729 | D:3      | Killed Crazy Yiuf
  2842 | D:4      | XOM: summons 5 hostile demons
  2940 | D:4      | Gained mutation: You are partially covered in sharp spines.
                  | [demonic ancestry]
  2940 | D:4      | Reached XP level 7. HP: 51/52 MP: 7/7
  2989 | D:4      | Reached * piety under Makhleb
  3058 | D:4      | XOM: noise
  3068 | D:4      | Reached skill level 8 in Maces & Flails
  3324 | D:4      | Found a radiant altar of Vehumet.
  3327 | D:4      | Found an ancient bone altar of Kikubaaqudgha.
  3333 | D:4      | Found a shadowy altar of Dithmenos.
  3340 | D:4      | XOM: mild Tmut miscast
  3375 | D:4      | XOM: give mutations
  3375 | D:4      | Gained mutation: You have a pair of antennae on your head.
                  | [Xom's mischief]
  3375 | D:4      | Gained mutation: You are frail. (-10% HP) [Xom's mischief]
  3418 | D:4      | XOM: severe Pois miscast
  3431 | D:4      | HP: 23/46 [poison (poison gas)]
  3437 | D:4      | HP: 20/46 [poison (poison gas)]
  3444 | D:4      | HP: 18/46 [poison (poison gas)]
  3451 | D:4      | HP: 17/46 [poison (poison gas)]
  3459 | D:4      | HP: 16/46 [poison (poison gas)]
  3628 | D:4      | XOM: give mutations
  3628 | D:4      | Lost mutation: You are frail. (-10% HP) [Xom's mischief]
  3628 | D:4      | Gained mutation: Your muscles are strong. (Str +2) [Xom's
                  | mischief]
  3628 | D:4      | Gained mutation: Your skin changes colour to match your
                  | surroundings (Stealth+). [Xom's mischief]
  3628 | D:4      | Lost mutation: Your muscles are strong. (Str +2) [Xom's
                  | mischief]
  3812 | D:4      | Found a deep blue altar of Sif Muna.
  3813 | D:4      | Found an ornate altar of the Wu Jian Council.
  3831 | D:4      | HP: 25/52 [poisoned by a gnoll]
  3836 | D:4      | HP: 19/52 [poisoned by a gnoll]
  3841 | D:4      | HP: 15/52 [poisoned by a gnoll]
  3846 | D:4      | HP: 12/52 [poisoned by a gnoll]
  3852 | D:4      | HP: 10/52 [poisoned by a gnoll]
  3858 | D:4      | HP: 9/52 [poisoned by a gnoll]
  3866 | D:4      | HP: 8/52 [poisoned by a gnoll]
  4115 | D:4      | XOM: give mutations
  4115 | D:4      | Lost mutation: You have a pair of antennae on your head.
                  | [Xom's mischief]
  4115 | D:4      | Gained mutation: Armour fits poorly on your strangely
                  | shaped body. [Xom's mischief]
  4388 | D:5      | Entered Level 5 of the Dungeon
  4450 | D:5      | Found a basalt altar of Yredelemnul.
  4487 | D:5      | Reached ** piety under Makhleb
  4640 | D:5      | Found a blossoming altar of Fedhas.
  4716 | D:5      | HP: 25/52 [poisoned by a gnoll]
  4721 | D:5      | HP: 23/52 [poisoned by a gnoll]
  4726 | D:5      | HP: 18/52 [poisoned by a gnoll]
  4732 | D:5      | HP: 16/52 [poisoned by a gnoll]
  4740 | D:5      | HP: 15/52 [poisoned by a gnoll]
  4748 | D:5      | HP: 14/52 [poisoned by a gnoll]
  4750 | D:5      | XOM: give mutations
  4750 | D:5      | Gained mutation: You are frail. (-10% HP) [Xom's mischief]
  4750 | D:5      | Gained mutation: You are very frail. (-20% HP) [Xom's
                  | mischief]
  5062 | D:5      | Reached skill level 9 in Maces & Flails
  5062 | D:5      | Gained mutation: You are mostly covered in sharp spines.
                  | [demonic ancestry]
  5062 | D:5      | Reached XP level 8. HP: 46/46 MP: 8/8
  5162 | D:5      | XOM: mild Necr miscast
  5360 | D:6      | Noticed a queen bee
  5360 | D:6      | a black bear changed into a queen bee
  5377 | D:6      | Killed a queen bee
  5384 | D:6      | XOM: mild Necr miscast
  5408 | D:6      | HP: 21/44 [wight/+0 scimitar (2)]
  5409 | D:6      | Reached skill level 10 in Maces & Flails
  5500 | D:6      | Reached *** piety under Makhleb
  6044 | D:7      | Found a runed translucent gate.
  6044 | D:7      | Found a runed translucent gate.
  6044 | D:7      | Found a runed translucent gate.
  6044 | D:7      | Noticed Voker57's ghost (novice DsMo)
  6086 | D:7      | Found a staircase to the Ecumenical Temple.
  6320 | D:7      | HP: 19/44 [Voker57's ghost (6)]
  6326 | D:7      | Killed Voker57's ghost
  6326 | D:7      | Reached skill level 11 in Maces & Flails
  6326 | D:7      | Reached XP level 9. HP: 27/50 MP: 9/9
  6326 | D:7      | HP: 25/50 [poisoned by Voker57's ghost]
  6331 | D:7      | HP: 20/50 [poisoned by Voker57's ghost]
  6336 | D:7      | HP: 18/50 [poisoned by Voker57's ghost]
  6341 | D:7      | HP: 17/50 [poisoned by Voker57's ghost]
  6346 | D:7      | HP: 16/50 [poisoned by Voker57's ghost]
  6351 | D:7      | HP: 17/50 [poisoned by Voker57's ghost]
  6358 | D:7      | HP: 19/50 [poisoned by Voker57's ghost]
  6366 | D:7      | HP: 22/50 [poisoned by Voker57's ghost]
  6417 | D:7      | Lost mutation: You are very frail. (-20% HP) [potion of
                  | mutation]
  6417 | D:7      | Lost mutation: Armour fits poorly on your strangely shaped
                  | body. [potion of mutation]
  6417 | D:7      | Gained mutation: You are resistant to hostile enchantments.
                  | (MR+) [potion of mutation]
  6417 | D:7      | Gained mutation: You are agile. (Dex +2) [potion of
                  | mutation]
  6417 | D:7      | Gained mutation: You have large cloven feet. [potion of
                  | mutation]
  6418 | D:7      | Lost mutation: You are frail. (-10% HP) [potion of
                  | mutation]
  6418 | D:7      | Lost mutation: You are resistant to hostile enchantments.
                  | (MR+) [potion of mutation]
  6418 | D:7      | Lost mutation: You are agile. (Dex +2) [potion of mutation]
  6418 | D:7      | Gained mutation: Your mind is acute. (Int +2) [potion of
                  | mutation]
  6418 | D:7      | Gained mutation: You passively map a small area around you.
                  | [potion of mutation]
  6616 | D:8      | Noticed Maurice
  6627 | D:8      | You fall into a shaft and drop 2 floors!
  6627 | D:10     | Entered Level 10 of the Dungeon
  6649 | D:9      | Noticed Harold
  6831 | D:9      | HP: 27/63 [Harold/+2 broad axe of distortion (11)]
  6873 | D:8      | HP: 28/63 [Maurice/puff of flame (12)]
  6878 | D:8      | HP: 24/63 [something/puff of flame (6)]
  6884 | D:8      | HP: 19/63 [something/puff of flame (8)]
  6889 | D:8      | Killed Maurice
  6889 | D:8      | Reached skill level 12 in Maces & Flails
  7030 | D:8      | Noticed Pikel
  7039 | D:8      | HP: 30/63 [Pikel/+1 whip of electrocution (17)]
  7056 | D:8      | HP: 27/63 [slave[Pikel] (1)]
  7061 | D:7      | HP: 25/63 [slave[Pikel] (6)]
  7100 | D:7      | Killed Pikel
  7104 | D:7      | XOM: cloud trail
  7128 | D:8      | Noticed Prince Ribbit
  7132 | D:8      | Killed Prince Ribbit
  7194 | D:8      | XOM: noise
  7381 | D:8      | Noticed Erica
  7400 | D:8      | HP: 31/63 [something (6)]
  7401 | D:8      | HP: 7/63 [something/orb of energy (23)]
  7405 | D:8      | Killed Erica
  7405 | D:8      | Reached skill level 13 in Maces & Flails
  7405 | D:8      | Reached XP level 10. HP: 31/70 MP: 10/10
  7407 | D:8      | HP: 32/70 [poisoned by Erica (bolt of poison)]
  7415 | D:8      | HP: 35/70 [poisoned by Erica (bolt of poison)]
  7750 | D:8      | Found a shimmering altar of Xom.
  7751 | D:8      | Found a hazy altar of Hepliaklqana.
  7751 | D:8      | Noticed a hell beast
  7752 | D:8      | Noticed a hell beast
  7968 | D:9      | Reached skill level 2 in Armour
  8189 | D:9      | XOM: medium Pois miscast
  8528 | D:9      | Killed Harold
  8528 | D:9      | Reached skill level 4 in Fighting
  8528 | D:9      | Reached skill level 3 in Armour
  8537 | D:9      | XOM: noise
  8826 | D:10     | Reached skill level 14 in Maces & Flails
  8867 | D:10     | Noticed Urug
  8871 | D:10     | Noticed Snorg
  8871 | D:10     | HP: 30/73 [Urug/+2 demon trident (24)]
  8873 | D:10     | HP: 11/73 [Urug/silver javelin (6)]
  9013 | D:10     | HP: 32/73 [troll (7)]
  9022 | D:10     | HP: 53/109 [hound (4)]
  9027 | D:10     | Noticed a gargoyle
  9071 | D:10     | HP: 32/73 [gargoyle/+0 mace (6)]
  9080 | D:10     | HP: 21/73 [poisoned by a hornet]
  9080 | D:10     | Killed from afar by a gargoyle

Vanquished Creatures
  Harold (D:9)
  Erica (D:8)
  The ghost of Voker57 the Fighter, a novice DsMo (D:7)
  Pikel (D:7)
  Maurice (D:8)
  A queen bee (D:6)
  A troll (D:10)
  A hornet (D:10)
  Prince Ribbit (D:8)
  The ghost of Phong the Cutter, an amateur HaFi (D:3)
  4 yaks (D:9)
  2 orc warriors
  A sky beast (D:6)
  2 centaurs (D:9)
  An ogre (D:9)
  3 bullfrogs
  A scorpion (D:9)
  6 killer bees (D:8)
  11 wights
  5 howler monkeys
  3 crimson imps (D:8)
  8 hounds
  2 orc priests
  A bullfrog skeleton (D:10)
  Crazy Yiuf (D:3)
  Jessica (D:2)
  Terence (D:3)
  3 iguanas
  6 orc wizards
  3 worker ants
  A killer bee zombie (D:5)
  A hound skeleton (D:4)
  16 gnolls
  7 adders
  3 shadow imps
  An adder zombie (D:4)
  A worm (D:4)
  2 dart slugs
  5 leopard geckos
  27 orcs
  A ball python (D:1)
  7 giant cockroaches
  14 goblins
  10 hobgoblins
  8 jackals
  5 quokkas
  4 bats
  2 frilled lizards
  A jackal skeleton (D:5)
  13 kobolds
  2 leopard gecko skeletons
  A quokka zombie (D:6)
  4 rats
211 creatures vanquished.

Vanquished Creatures (collateral kills)
  Sigmund (D:2)
1 creature vanquished.

Vanquished Creatures (others)
  A fungus (D:3)
1 creature vanquished.

Grand Total: 213 creatures vanquished

Table legend:
 A = Turns spent in this place as a percentage of turns spent in the entire game.
 B = Non-inter-level travel turns spent in this place as a percentage of non-inter-level travel turns spent in the entire game.
 C = Inter-level travel turns spent in this place as a percentage of turns spent in this place.
 D = Turns resting spent in this place as a percentage of non-inter-level travel turns spent in this place.
 E = Turns spent auto-exploring this place as a percentage of non-inter-level travel turns spent in this place.
 F = Non-inter-level travel turns spent in this place divided by the number of levels of this place that you've seen.
                   A       B       C       D       E      F
               +-------+-------+-------+-------+-------+----------------------
         Total | 100.0 | 100.0 |   6.7 |  22.3 |  56.9 | 846.8
       Dungeon | 100.0 | 100.0 |   6.7 |  22.3 |  56.9 | 846.8
               +-------+-------+-------+-------+-------+----------------------
